 Dungeon Crawl Stone Soup version 0.21.1-1-g345015f (webtiles) character file.

189 Alarkh the Grave Robber (level 5, 34/35 HPs)
             Began as a Demonspawn Necromancer on Feb 6, 2018.
             Was a Believer of Lugonu.
             Got out of the dungeon alive.
             The game lasted 00:04:09 (4598 turns).

Alarkh the Grave Robber (Demonspawn Necromancer)    Turns: 4598, Time: 00:04:10

Health: 34/35      AC:  7    Str:  8    XL:     5   Next: 40%
Magic:  10/10      EV: 12    Int: 18    God:    Lugonu [**....]
Gold:   197        SH:  0    Dex: 17    Spells: 10/11 levels left

rFire    + . .     SeeInvis .   l - +0 spear
rCold    + . .     Gourm    .   (no shield)
rNeg     . . .     Faith    .   a - +0 robe
rPois    .         Spirit   .   w - +1 helmet "Ihonoi" {rC+ rCorr Dex+4}
rElec    .         Reflect  .   (no cloak)
rCorr    +         Harm     .   r - +0 pair of gloves (curse)
MR       .....                  (no boots)
Stlth    ++........             (no amulet)
HPRegen  0.11/turn              (no ring)
MPRegen  0.12/turn              (no ring)

@: starving
A: iridescent scales 1, fire resistance 1
a: Depart the Abyss, Bend Space, Renounce Religion


You escaped.
You worshipped Lugonu.
Lugonu was pleased with you.
You were starving.

You visited 1 branch of the dungeon, and saw 4 of its levels.

You collected 197 gold pieces.

Inventory:

Hand Weapons
 l - a +0 spear (weapon)
Armour
 a - a +0 robe (worn)
 f - a +0 helmet
 r - a cursed +0 pair of gloves (worn)
 w - the +1 helmet "Ihonoi" (worn) {rC+ rCorr Dex+4}
   (You found it on level 4 of the Dungeon)

   It affects your dexterity (+4).
   It protects you from cold.
   It protects you from acid and corrosion.
Wands
 v - a wand of iceblast (7)
Scrolls
 d - 2 scrolls of random uselessness {unknown}
 e - 2 scrolls of identify
 j - 2 scrolls of remove curse {unknown}
 n - a scroll of enchant armour {unknown}
 p - a scroll of immolation {unknown}
 s - a scroll of blinking {unknown}
 t - 2 scrolls of enchant weapon {unknown}
 x - a scroll of amnesia {unknown}
Potions
 g - 3 potions of curing
 h - a potion of might
 i - a potion of cancellation {unknown}
 k - a potion of resistance
 m - a potion of haste {unknown}
 o - a potion of degeneration {unknown}
 q - a potion of magic {unknown}
 u - a potion of flight {unknown}
Books
 b - a book of Necromancy

   Spells                             Type                      Level
   a - Pain                           Necromancy                   1
   b - Animate Skeleton               Necromancy                   1
   c - Vampiric Draining              Necromancy                   3
   d - Regeneration                   Charms/Necromancy            3
   e - Animate Dead                   Necromancy                   4
   f - Borgnjor's Vile Clutch         Necromancy/Earth             5
Comestibles
 c - 4 rations


   Skills:
 - Level 1.7 Dodging
 - Level 1.7 Stealth
 + Level 3.9 Spellcasting
 + Level 6.1 Necromancy


You had 10 spell levels left.
You knew the following spells:

 Your Spells              Type           Power        Failure   Level  Hunger
a - Pain                  Necr           ####         1%          1    None


Dungeon Overview and Level Annotations

Branches:
Dungeon (4/15)
 Temple: D:4-7

Altars:
Qazlal
Ru
Lugonu


Innate Abilities, Weirdness & Mutations

You are partially covered in iridescent scales. (AC +2)
Your flesh is heat resistant. (rF+)


Message History

There is a stone staircase leading down here.
There is a stone staircase leading up here.
You climb upwards.
There is a stone staircase leading down here.
Magic restored.
There is a stone staircase leading up here.
You climb upwards.
There is a stone staircase leading down here.
There is a stone staircase leading up here.
You climb upwards.
There is a stone staircase leading down here.
You are starving!
(D) Dungeon
Where to? (Enter - D:1 @ (x,y), ? - help)
There is an open door here.
You enter the shallow water.
Moving in this stuff is going to be slow.
There is a staircase leading out of the dungeon here.
Are you sure you want to leave the Dungeon?
This will make you lose the game!
You have escaped!

##.# ### ####...........#
##.#######.########'####.#..#.#
...........##....##.##.#.#..#.#
.#.#######..#.##≈##≈##.#.#..#.###
........##..'..#≈≈≈###.#.#.......
##.####.##.########≈#..#.##.#.###
##.# #.##.##≈≈≈≈≈≈##..#.##.#.# #
##.####.##.##≈#≈###≈#..#.##.#.# #
##......##.##≈#≈@≈#≈#..#.##.#.# #
...#######.##≈≈≈≈≈≈≈#..#.##.#.###
##.# #.#####'####..#.##.#....
##.#######.#####.###.#.#.##.#..##
.........#.#....)......#.##.#..##
##.#.#####.#.#######.#.#.##.#..##
##.#.# #.#.#######.#.#.##.#....
##.#.# #.#.#.........#.#.......
##.#.#####.#.#.#####.###.#####.##


There were no monsters in sight!

Vanquished Creatures
  An ogre (D:4)
  An iguana (D:3)
  3 adders
  2 worms
  A dart slug (D:3)
  A leopard gecko (D:1)
  An orc (D:3)
  A ball python (D:2)
  3 bats (D:1)
  2 giant cockroaches (D:2)
  2 goblins
  7 hobgoblins
  4 jackals
  A quokka (D:2)
  4 frilled lizards (D:2)
  7 kobolds
  4 rats
45 creatures vanquished.

Notes
Turn   | Place    | Note
-------+----------+-------------------------------------------
     0 | D:1      | Alarkh the Demonspawn Necromancer began the quest for the Orb.
     0 | D:1      | Reached XP level 1. HP: 13/13 MP: 3/3
   207 | D:1      | You fall through a shaft!
   425 | D:1      | Gained mutation: Your flesh is heat resistant. (rF+) [demonic ancestry]
   425 | D:1      | Reached XP level 2. HP: 17/19 MP: 1/5
  2184 | D:2      | Reached skill level 5 in Necromancy
  2184 | D:2      | Gained mutation: You are partially covered in iridescent scales. (AC +2) [demonic ancestry]
  2184 | D:2      | Reached XP level 3. HP: 4/24 MP: 0/7
  2466 | D:2      | Found a sacrificial altar of Ru.
  2563 | D:2      | Found a faded altar of an unknown god.
  2624 | D:2      | Became a worshipper of Lugonu the Unformed
  2624 | D:2      | Reached * piety under Lugonu
  2624 | D:2      | Reached ** piety under Lugonu
  3459 | D:3      | Found a stormy altar of Qazlal.
  3604 | D:3      | Reached XP level 4. HP: 26/30 MP: 2/9
  4379 | D:4      | Got an encrusted helmet
  4390 | D:4      | Identified the +1 helmet "Ihonoi" {rC+ rCorr Dex+4} (You found it on level 4 of the Dungeon)
  4406 | D:4      | Noticed an ogre
  4417 | D:4      | Killed an ogre
  4417 | D:4      | Reached skill level 6 in Necromancy
  4417 | D:4      | Reached XP level 5. HP: 14/35 MP: 2/10
  4598 | D:$      | Got out of the dungeon alive.

Skill      XL: |  1  2  3  4 |
---------------+-------------+-----
Necromancy     | 5 6 |  6.1
Spellcasting   | 3 |  3.9
Dodging        | |  1.7
Stealth        | |  1.7

Action                   |  1- 3 |  4- 6 || total
-------------------------+-------+-------++-------
Melee: Unarmed           |    27 |       ||    27
       Spear             |    18 |       ||    18
 Cast: Pain              |    98 |    20 ||   118
  Use: Scroll            |     1 |     1 ||     2
  Eat: Chunk             |     4 |     2 ||     6
       Ration            |     1 |       ||     1
Armor: Robe              |    18 |     2 ||    20
Dodge: Dodged            |    39 |     2 ||    41
